 Dungeon Crawl Stone Soup version 0.23-a0-32-g1388f29 (webtiles) character file.

139 poirepourri the Magician (level 5, -1/28 HPs)
             Began as a Deep Elf Conjurer on Aug 4, 2018.
             Slain by an orc wizard
             ... wielding a +0 dagger
              (5 damage)
             ... on level 2 of the Dungeon.
             The game lasted 00:02:42 (2317 turns).

poirepourri the Magician (Deep Elf Conjurer)        Turns: 2317, Time: 00:02:43

Health: -1/28      AC:  2    Str:  5    XL:     5   Next: 1%
Magic:  6/16       EV: 13    Int: 21    God:
Gold:   74         SH:  0    Dex: 15    Spells: 15/18 levels left

rFire    . . .     SeeInvis .   d - +0 short sword
rCold    . . .     Gourm    .   (no shield)
rNeg     . . .     Faith    .   a - +0 robe
rPois    .         Spirit   .   (no helmet)
rElec    .         Reflect  .   (no cloak)
rCorr    .         Harm     .   (no gloves)
MR       .....                  (no boots)
Stlth    ++........             (no amulet)
HPRegen  0.09/turn              (no ring)
MPRegen  0.15/turn              (no ring)

@: no status effects
A: no striking features
a: no special abilities


You were on level 2 of the Dungeon.
You were not hungry.

You visited 1 branch of the dungeon, and saw 3 of its levels.

You collected 74 gold pieces.

Inventory:

Hand Weapons
 d - a +0 short sword (weapon)
Armour
 a - a +0 robe (worn)
Jewellery
 j - an uncursed ring of flight {unknown}
Wands
 i - a wand of polymorph (8)
Scrolls
 f - a scroll of fear {unknown}
 g - a scroll of magic mapping {unknown}
Potions
 b - 2 potions of mutation {unknown}
 e - 2 potions of heal wounds {unknown}
Comestibles
 c - 4 rations


   Skills:
 - Level 2.4 Dodging
 - Level 2.4 Stealth
 + Level 7.1 Spellcasting
 - Level 4.3 Conjurations


You had 15 spell levels left.
You knew the following spells:

 Your Spells              Type           Power        Failure   Level  Hunger
a - Magic Dart            Conj           ####         1%          1    None
b - Searing Ray           Conj           ####..       2%          2    None

Your spell library contained the following spells:

 Spells                   Type           Power        Failure   Level  Hunger
 Iskenderun's Mystic Bla  Conj           ####....     14%         4    ###....
 Fulminant Prism          Conj/Hex       ###.......   34%         4    ###....
 Dazzling Spray           Conj/Hex       ###...       11%         3    #......
 Force Lance              Conj/Tloc      ###.....     34%         4    ###....


Dungeon Overview and Level Annotations

Branches:
Dungeon (3/15)

Altars:
Cheibriados
Okawaru
Wu Jian
The Shining One


Message History

The searing ray hits the hound.
You kill the hound!
Your Spellcasting skill increases to level 7!
You have reached level 5!
You finish channeling your searing ray.
The orc wizard closely misses you. The orc wizard misses you.
Okay, then.
Casting: Searing Ray (safe; 2% risk of failure)
Confirm with . or Enter, or press ? or * to list all spells.
Aiming: Searing Ray (safe; 2% risk of failure)
Press: ? - help, Shift-Dir - straight line, f - orc wizard
Aim: an orc wizard, wielding a dagger and wearing a robe (fast)
The searing ray hits the orc wizard.
The orc wizard is lightly wounded. (Press . to maintain the ray.)
The orc wizard closely misses you.
The searing ray hits the orc wizard.
The orc wizard is moderately wounded.
The orc wizard hits you with a dagger.
You die...

#.#. #.##
###############...
#.............#.#.
#.########......##
#.# #####.##.#.##
#.# #........#)##
#o# #.###.##.....
#@# #.# #.##.#.##
#†####.###.##.#.##
#..<..........#.##
######.###.####.##
#.....####...
####.........
#...###### #...#
## #...# #.


You could see an orc wizard.

Vanquished Creatures
  A hound (D:2)
  An orc wizard (D:3)
  Terence (D:2)
  2 adders (D:2)
  A dart slug (D:2)
  A leopard gecko (D:1)
  5 orcs
  2 giant cockroaches (D:2)
  3 hobgoblins
  2 jackals (D:2)
  3 kobolds
  A ball python (D:2)
  5 bats (D:2)
  A frilled lizard (D:3)
  A goblin (D:2)
  6 rats
36 creatures vanquished.

Notes
Turn   | Place    | Note
-------+----------+-------------------------------------------
     0 | D:1      | poirepourri the Deep Elf Conjurer began the quest for the Orb.
     0 | D:1      | Reached XP level 1. HP: 10/10 MP: 6/6
    63 | D:1      | Found a glowing golden altar of the Shining One.
   552 | D:2      | Reached skill level 4 in Spellcasting
   552 | D:2      | Reached XP level 2. HP: 15/15 MP: 1/9
   823 | D:2      | Found a faded altar of an unknown god.
   844 | D:2      | Noticed Terence
   866 | D:1      | Learned a level 2 spell: Searing Ray
  1042 | D:2      | Found an ornate altar of the Wu Jian Council.
  1042 | D:2      | Found a snail-covered altar of Cheibriados.
  1049 | D:2      | Found an iron altar of Okawaru.
  1144 | D:2      | Reached XP level 3. HP: 19/19 MP: 1/11
  1168 | D:1      | Reached skill level 5 in Spellcasting
  1775 | D:2      | Killed Terence
  1775 | D:2      | Reached skill level 6 in Spellcasting
  1775 | D:2      | Reached XP level 4. HP: 3/24 MP: 4/14
  2315 | D:2      | Reached skill level 7 in Spellcasting
  2315 | D:2      | Reached XP level 5. HP: 4/28 MP: 10/16
  2317 | D:2      | Slain by an orc wizard

Vault maps used:
D:1:      co_arrival_square_in_a_square_in_a_square, tso_metal_star
D:2:      grunt_temple_overflow_open, first_ration,
          chequers_ecumenical_altar_twisty, uniq_terence
D:3:      grunt_temple_overflow_magic_moments

Skill      XL: |  1  2  3  4 |
---------------+-------------+-----
Spellcasting   | 4 6 7 |  7.1
Dodging        | |  2.4
Stealth        | |  2.4
Conjurations   | |  4.3

Action                   |  1- 3 |  4- 6 || total
-------------------------+-------+-------++-------
 Cast: Magic Dart        |    65 |     7 ||    72
       Searing Ray       |     2 |     5 ||     7
  Use: Scroll            |     3 |       ||     3
       Potion            |       |     2 ||     2
  Eat: Ration            |     1 |     1 ||     2
Armor: Robe              |     1 |       ||     1
Dodge: Dodged            |     8 |    13 ||    21

Table legend:
 A = Spawn XP
 B = Non-spawn XP
 C = Spawn XP percentage of total XP
 D = Spawn monster count
 E = Non-spawn monster count
 F = Spawn count percentage of total count
 G = Total turns spent on level
                    A         B        C        D         E        F      G
               +---------+---------+-------+---------+---------+-------+---------
         Total |       0 |     199 |   0.0 |       0 |      36 |   0.0 |  2317
               +---------+---------+-------+---------+---------+-------+---------
           D:1 |       0 |      11 |   0.0 |       0 |       5 |   0.0 |   707
           D:2 |       0 |     141 |   0.0 |       0 |      27 |   0.0 |  1552
           D:3 |       0 |      47 |   0.0 |       0 |       4 |   0.0 |    58
               +---------+---------+-------+---------+---------+-------+---------
